 Dungeon Crawl Stone Soup version 0.20.1-1-g8b1a95d (webtiles) character file.

198 alfasonni the Cudgeler (level 5, 0/34 HPs)
             Began as a Gargoyle Monk on Aug 2, 2017.
             Killed from afar by Natasha (4 damage)
             ... with a magic dart
             ... on level 4 of the Dungeon.
             The game lasted 00:16:01 (3404 turns).

alfasonni the Cudgeler (Gargoyle Monk)              Turns: 3404, Time: 00:16:02

Health: 0/34       AC: 13    Str: 15 (16) XL:     5   Next: 77%
Magic:  5/5        EV: 10    Int: 10      God:
Gold:   133        SH:  0    Dex: 17 (20) Spells: 4/4 levels left

rFire    . . .     SeeInvis .   a - +1 mace
rCold    . . .     Gourm    .   (no shield)
rNeg     + . .     Faith    .   o - +0 scale mail
rPois    ∞         Spirit   .   (no helmet)
rElec    +         Reflect  .   (no cloak)
rCorr    .         Harm     .   (no gloves)
MR       .....                  g - +2 pair of boots
Stlth    +.........             b - amulet of regeneration
Regen    0.6/turn               k - +2 ring of dexterity
MPRegen  0.1/turn               l - +6 ring of dexterity (curse)

@: no status effects
A: negative energy resistance 1, electricity resistance, unbreathing,
petrification resistance, rot immunity, AC +4
a: no special abilities


You were on level 4 of the Dungeon.
You were hungry.

You visited 1 branch of the dungeon, and saw 4 of its levels.

You collected 133 gold pieces.

Inventory:

Hand Weapons
 a - a +1 mace (weapon)
Armour
 g - a +2 pair of boots (worn)
 o - a +0 scale mail (worn)
Jewellery
 b - an amulet of regeneration (around neck)
 k - a +2 ring of dexterity (left hand)
 l - a cursed +6 ring of dexterity (right hand)
Wands
 j - a wand of polymorph (12/24)
Scrolls
 c - 3 scrolls of enchant weapon
 e - a scroll of identify {@r1}
 h - 2 scrolls of enchant armour
Potions
 d - a potion of flight
Comestibles
 m - a bread ration
 n - 3 chunks of flesh


   Skills:
 + Level 4.3 Fighting
 * Level 5.4 Maces & Flails
 - Level 2.5 Dodging
 - Level 2.6 Stealth


You had 4 spell levels left.
You didn't know any spells.

Dungeon Overview and Level Annotations

Branches:
Dungeon (4/15)
 Temple: D:4-7

Altars:

Annotations:
D:4 Natasha


Innate Abilities, Weirdness & Mutations

You are resistant to torment.
Your stone body is resilient. (AC +4)
You are immune to poison.
You resist negative energy. (rN+)
You are resistant to electric shocks. (rElec)
You can survive without breathing.
You are immune to petrification.
You are immune to rotting.


Message History

You barely miss the ogre.
The ogre is lightly wounded.
The ogre misses you. The ogre hits you but does no damage.
Natasha, Servant of Life and Death comes into view.
Natasha hisses angrily.
A magic dart appears from out of thin air!
The magic dart hits you!
* * * LOW HITPOINT WARNING * * *
Natasha stares at you and mumbles some strange words.
The magic dart hits you!
* * * LOW HITPOINT WARNING * * *
You hear the slow hiss of a very distant avalanche of sand.
You feel less confused.
Natasha howls an incantation.
Natasha glows brightly for a moment.
You see here 17 gold pieces.
Natasha stares at you and mumbles some strange words.
The magic dart hits you!
You die...

#.............
#.##.##.......<..
##.##.......#...#.
##...#....####.....
##............).....
#........(...###..##
#.........(..# #....
#....(.......# #..#.
#.@........## ...##
##.$O.....## ..#
##.#......# ...
#h..####.# ........
.# .........# ..
.......... ..(
.........## #..
.........# ...


You could see an ogre and Natasha.

Vanquished Creatures
  An orc priest (D:4)
  A bullfrog skeleton (D:4)
  4 adders
  An ooze (D:3)
  5 worms
  2 dart slugs (D:2)
  2 leopard geckos
  An orc (D:4)
  4 giant cockroaches
  3 goblins (D:1)
  6 hobgoblins
  7 jackals (D:2)
  A quokka (D:3)
  A ball python (D:1)
  16 bats
  4 frilled lizards
  5 kobolds
  6 rats
70 creatures vanquished.

Vanquished Creatures (others)
  An orc wizard (D:4)
1 creature vanquished.

Grand Total: 71 creatures vanquished

Notes
Turn   | Place    | Note
-------+----------+-------------------------------------------
     0 | D:1      | alfasonni the Gargoyle Monk began the quest for the Orb.
     0 | D:1      | Reached XP level 1. HP: 14/14 MP: 1/1
    91 | D:1      | Reached XP level 2. HP: 18/19 MP: 2/2
   721 | D:1      | Reached XP level 3. HP: 14/24 MP: 3/3
  1814 | D:2      | Reached skill level 4 in Maces & Flails
  1814 | D:2      | Reached XP level 4. HP: 29/29 MP: 4/4
  3048 | D:3      | Reached XP level 5. HP: 33/33 MP: 5/5
  3251 | D:3      | Reached skill level 5 in Maces & Flails
  3370 | D:4      | Noticed an ogre
  3399 | D:4      | Noticed Natasha
  3404 | D:4      | Killed from afar by Natasha

Skill      XL: |  1  2  3  4  5 |
---------------+----------------+-----
Maces & Flails | 4 5 |  5.4
Fighting       | 4 |  4.3
Dodging        | |  2.5
Stealth        | |  2.6

Action                   |  1- 3 |  4- 6 || total
-------------------------+-------+-------++-------
Melee: Mace              |   120 |   156 ||   276
  Use: Potion            |     7 |     4 ||    11
       Scroll            |     6 |     5 ||    11
 Stab: Sleeping          |     4 |     1 ||     5
  Eat: Bread ration      |     1 |       ||     1
       Chunk             |       |     3 ||     3
Armor: Robe              |    42 |       ||    42
       Ring mail         |     4 |    44 ||    48
       Scale mail        |       |    84 ||    84
Dodge: Dodged            |    80 |    93 ||   173
